 Dungeon Crawl Stone Soup version 0.17.1-3-g152610e (webtiles) character file.

160248 Miyamura the Eclecticist (level 16, -5/84 HPs)
             Began as a Spriggan Assassin on Feb 20, 2016.
             Was the Champion of Dithmenos.
             Killed from afar by Aizul (26 damage)
             ... with a bolt of poison
             ... on level 6 of the Lair of Beasts on Feb 21, 2016.
             The game lasted 02:46:08 (46790 turns).

Miyamura the Eclecticist (Spriggan Assassin)       Turns: 46790, Time: 02:46:08

Health: -5/84      AC:  9    Str:  7    XL:     16   Next: 91%
Magic:  39/39      EV: 33    Int: 19    God:    Dithmenos [******]
Gold:   375        SH: 12    Dex: 20    Spells: 6 memorised, 33 levels left

rFire  . . .     SeeInvis +     x - +6 rapier "Dosim" {pierce, rN+ MR++}
rCold  . . .     Clarity  .     w - +2 robe {Archmagi}
rNeg   + + .     SustAt   .     j - +3 buckler
rPois  .         Gourm    .     v - +2 hat {SInv}
rElec  .         Spirit   .     h - +2 cloak
rCorr  .         Warding  +     (gloves unavailable)
rMut   .         Stasis   .     (boots unavailable)
MR     ++++.                    F - amulet of warding
Stlth  +++++++++.               J - ring of flight
                                R - ring of wizardry

@: lethally poisoned (-5 -> -14), wreathed by umbra, very quick, incredibly
resistant to hostile enchantments, incredibly stealthy
A: unfitting armour, antennae 1, see invisible, agile 1, herbivore 3, speed 3,
slow metabolism 2, spit poison 1
a: Spit Poison, Shadow Step, Shadow Form, Renounce Religion, Evoke Flight
}: 1/15 runes: decaying


You were on level 6 of the Lair of Beasts.
You worshipped Dithmenos.
Dithmenos was exalted by your worship.
You were not hungry.

You visited 6 branches of the dungeon, and saw 33 of its levels.
You also visited: Ice Cave.

You collected 3049 gold pieces.
You spent 2524 gold pieces at shops.

Inventory:

Hand Weapons
 b - a +0 blowgun
 x - the +6 rapier "Dosim" (weapon) {pierce, rN+ MR++}
   (You bought it in a shop on level 4 of the Orcish Mines)

   It inflicts extra damage upon your enemies.
   It protects you from negative energy.
   It affects your resistance to hostile enchantments.
Missiles
 c - 2 throwing nets
 e - 45 poisoned needles
 f - 4 curare-tipped needles
 i - 896 stones (quivered)
 O - 6 needles of paralysis
Armour
 h - a +2 cloak (worn)
 j - a +3 buckler (worn)
 v - a +2 hat of see invisible (worn)
 w - a +2 robe of the Archmagi (worn)
Rods
 P - a +2 rod of the swarm (11/11)
   (You found it on level 4 of the Lair of Beasts)
Jewellery
 y - an uncursed ring of ice
 F - an amulet of warding (around neck)
 J - a ring of flight (right hand)
 L - an uncursed amulet of stasis
 Q - an uncursed ring of fire
 R - a ring of wizardry (left hand)
 T - an uncursed ring of invisibility
Wands
 d - a wand of lightning (8)
 k - a wand of draining (9)
 l - a wand of digging (6)
 o - a wand of draining (6)
 t - a wand of lightning (3)
 u - a wand of lightning (6)
 z - a wand of slowing (29)
 C - a wand of invisibility (5)
 E - a wand of draining (1)
 H - a wand of confusion (13)
 V - a wand of paralysis (7)
 X - a wand of polymorph (16)
Scrolls
 p - 13 scrolls of teleportation
 D - 9 scrolls of remove curse
 N - 2 scrolls of amnesia
 U - 3 scrolls of recharging
 Y - a scroll of enchant weapon
 Z - a scroll of fog
Potions
 m - 3 potions of lignification
 q - 5 potions of flight
 r - a potion of brilliance
 s - 2 potions of might
 B - a potion of curing
 G - 2 potions of cancellation
 I - 4 potions of resistance
 K - 2 potions of cure mutation {!q}
Miscellaneous
 a - a phantom mirror
 n - a phial of floods (inert)
Comestibles
 g - 11 bread rations


   Skills:
 + Level 9.3 Fighting
 + Level 10.5(11.3) Short Blades
   Level 5.3(7.4) Long Blades
   Level 8.5(8.7) Slings
 - Level 2.4(5.1) Throwing
 + Level 15.1 Dodging
 - Level 9.1 Stealth
 - Level 8.0 Shields
 + Level 18.5 Spellcasting
 - Level 7.0 Hexes
 - Level 12.0 Transmutations
 - Level 8.4 Earth Magic
 - Level 3.7 Poison Magic
 + Level 7.7 Evocations


You had 33 spell levels left.
You knew the following spells:

 Your Spells              Type           Power        Failure   Level  Hunger
a - Sandblast             Erth           ######       1%          1    None
b - Blink                 Tloc           N/A          2%          2    None
c - Confuse               Hex            ######..     1%          3    None
s - Statue Form           Trmt/Erth      ######...    4%          6    ####...
F - Cause Fear            Hex            ######....   1%          4    None
S - Spider Form           Trmt/Pois      ######....   1%          3    None


Dungeon Overview and Level Annotations

Branches:
Dungeon (15/15)            Temple (1/1) D:6            Lair (8/8) D:9
  Swamp (4/4) Lair:4        Snake (1/4) Lair:6        Slime (0/6) Lair:6
    Orc (4/4) D:10            Elf (0/3) Orc:3        Depths (0/5) D:15
 Vaults: D:13-14

Altars:
Ashenzari
Cheibriados
Dithmenos
Elyvilon
Fedhas
Gozag
Kikubaaqudgha
Makhleb
Nemelex Xobeh
Okawaru
Qazlal
Ru
Sif Muna
Trog
Vehumet
Xom
Yredelemnul
Zin
The Shining One
Beogh

Shops:
D:5 =   D:13 *   Orc:2 ?   Orc:4 !:((

Annotations:
D:8 bollicks1999's ghost, novice MiFi
Lair:6 Aizul


Innate Abilities, Weirdness & Mutations

You are tiny and cannot use many weapons and most armour.
You have supernaturally acute eyesight.
You are a herbivore.
You cover ground extremely quickly.
You need consume almost no food.
You have a pair of small antennae on your head.
You are agile. (Dex +2)
You can spit weak poison.


Message History

The poison arrow hits you!
You are more poisoned.
* * * LOW HITPOINT WARNING * * *
Aizul completely misses you.
You climb upwards.
Welcome back to the Lair of Beasts!
* * * LOW HITPOINT WARNING * * *
You feel very sick.
There is a staircase to the Snake Pit here.
Drink which item? (? for menu, Esc to quit)
You feel better.
Aizul coils himself and waves his upper body at you.
The bolt of poison hits you!
You are poisoned.
* * * LOW HITPOINT WARNING * * *
Drink which item? (? for menu, Esc to quit)
You feel better.
Aizul coils himself and waves his upper body at you.
The bolt of poison hits you!
You are poisoned.
You die...

####........... ###
###......... #.##
#.#........ #..##
###........ #.#.####
##.#..... ##...##.##
####.... #......#.##
##..#
##.........#### ####
#..@........#.###
##S..........##.####
#P..............##..
####........P.......
###.P..###....#P.
#######P...###.
##P...# ## ###....##
### #.......#


You could see Aizul.

Vanquished Creatures
  A tentacled monstrosity (Swamp:1)
  Gastronok (Orc:1)
  4 thorn hunters
  Erolcha (Orc:4)
  Erica (D:10)
  A catoblepas (Lair:8)
  2 ghost crabs
  29 hydras
  2 ogre magi (Orc:4)
  11 death yaks
  Urug (D:10)
  6 alligators
  Nergalle (D:10)
  5 skeletal warriors
  2 spriggan druids
  3 unseen horrors
  An unseen horror (shapeshifter) (D:13)
  An orc knight (Orc:2)
  10 swamp dragons
  6 hill giants
  2 wizards (D:15)
  A wolf spider zombie (D:15)
  A necromancer (D:15)
  5 lindwurms (Lair:4)
  2 deep elf conjurers (D:15)
  A hornet (Swamp:3)
  8 orc sorcerers
  6 ugly things (D:14)
  A griffon (Lair:3)
  4 cyclopes
  Maurice (Orc:2)
  16 elephants
  7 black mambas
  An octopode (shapeshifter) (D:13)
  38 spiny frogs
  2 gargoyles (D:13)
  14 komodo dragons
  3 yaktaurs (D:15)
  A kobold demonologist (D:15)
  An efreet (D:13)
  A fire drake (Lair:7)
  5 trolls
  A wolf spider simulacrum (D:14)
  9 giant leeches
  6 two-headed ogres
  A polar bear (Lair:7)
  14 slime creatures
  5 bog bodies
  25 blink frogs
  6 spriggans
  A hornet zombie (D:15)
  2 shadows (Swamp:3)
  A deep elf mage (D:11)
  A vampire (D:14)
  A wraith (D:14)
  40 yaks
  4 basilisks
  2 hungry ghosts (D:11)
  Eustachio (D:4)
  3 wyverns
  Menkaure (D:5)
  2 wargs
  24 vampire mosquitoes
  7 hippogriffs
  7 insubstantial wisps
  21 wolves
  16 water moccasins
  A mottled dragon (D:13)
  24 swamp worms
  6 sky beasts
  15 orc warriors
  2 black bears (Lair:6)
  6 porcupines
  17 ogres
  A necrophage (D:15)
  18 swamp drakes
  4 wasps
  14 crocodiles
  3 ice beasts
  8 centaurs
  A big kobold (D:13)
  2 brain worms
  30 giant frogs
  A gnoll sergeant (D:8)
  17 killer bees
  3 scorpions
  12 wights
  2 water moccasin skeletons
  4 electric eels
  6 jellies
  4 centaur zombies
  6 crimson imps
  29 orc wizards
  2 giant frog zombies
  13 hounds
  Crazy Yiuf (D:4)
  6 centaur skeletons
  3 giant frog skeletons
  10 iguanas
  22 orc priests
  Jessica (D:2)
  8 worker ants
  2 hell rats (D:9)
  6 sheep (Lair:4)
  A hound skeleton (D:11)
  A hound zombie (D:10)
  2 worker ant zombies
  Robin (D:4)
  9 adders
  A gnoll (D:4)
  5 shadow imps
  76 river rats
  An ooze (D:5)
  An adder skeleton (D:5)
  An adder zombie (D:6)
  3 worms
  9 giant geckos
  124 orcs
  7 bats
  3 giant cockroaches
  16 goblins
  12 hobgoblins
  28 jackals
  A ball python (D:3)
  A giant cockroach zombie (D:5)
  4 giant newts
  2 gnoll zombies (D:8)
  20 kobolds
  5 quokkas
  11 rats
  A fungus (Lair:2)
1067 creatures vanquished.

Vanquished Creatures (collateral kills)
  2 skeletal warriors (D:11)
  An elephant (Lair:8)
  A giant frog (Lair:5)
  2 orc priests (Orc:1)
  An orc wizard (Orc:1)
  2 orcs (Orc:1)
  A fungus (Lair:8)
10 creatures vanquished.

Vanquished Creatures (others)
  2 orc wizards (Orc:4)
  4 orcs
  49 fungi
  10 plants
65 creatures vanquished.

Grand Total: 1142 creatures vanquished

Notes
Turn   | Place    | Note
--------------------------------------------------------------
     0 | D:1      | Miyamura the Spriggan Assassin began the quest for the Orb.
     0 | D:1      | Reached XP level 1. HP: 10/10 MP: 2/2
   151 | D:1      | Reached XP level 2. HP: 12/14 MP: 2/4
   243 | D:1      | Reached skill level 1 in Spellcasting
   753 | D:1      | Reached XP level 3. HP: 18/18 MP: 6/6
  1466 | D:1      | Reached skill level 6 in Stealth
  1523 | D:2      | Noticed Jessica
  1540 | D:2      | Killed Jessica
  1540 | D:2      | Reached skill level 1 in Slings
  1540 | D:2      | Reached XP level 4. HP: 11/23 MP: 7/7
  2952 | D:3      | Found a glowing silver altar of Zin.
  2989 | D:3      | Found a faded altar to an unknown god.
  3280 | D:3      | Reached XP level 5. HP: 26/26 MP: 9/9
  3396 | D:3      | Found a blossoming altar of Fedhas.
  3412 | D:3      | Found a shadowy altar of Dithmenos.
  4064 | D:4      | Noticed Robin
  4068 | D:3      | Found a sparkling altar of Nemelex Xobeh.
  4068 | D:3      | Found a bloodstained altar of Trog.
  4078 | D:3      | Became a worshipper of Dithmenos the Shadowed
  4131 | D:4      | Reached skill level 1 in Evocations
  4187 | D:4      | Killed Robin
  4984 | D:4      | Reached XP level 6. HP: 32/32 MP: 9/11
  5104 | D:4      | Noticed Crazy Yiuf
  5110 | D:4      | Killed Crazy Yiuf
  5198 | D:4      | Found a snail-covered altar of Cheibriados.
  5313 | D:4      | Noticed Eustachio
  5317 | D:4      | Killed Eustachio
  5317 | D:4      | Reached skill level 7 in Stealth
  5328 | D:5      | Entered Level 5 of the Dungeon
  5586 | D:5      | Noticed a yak
  5622 | D:5      | Noticed a yak
  5636 | D:5      | Noticed a yak
  5678 | D:5      | Killed a yak
  5678 | D:5      | Reached XP level 7. HP: 5/35 MP: 11/13
  5684 | D:5      | Killed a yak
  6132 | D:5      | Reached skill level 5 in Dodging
  6249 | D:5      | Reached XP level 8. HP: 40/40 MP: 13/15
  6321 | D:5      | Noticed Menkaure
  6423 | D:5      | Reached * piety under Dithmenos
  7252 | D:5      | Noticed a two-headed ogre
  7252 | D:5      | a water moccasin changed into a two-headed ogre
  7285 | D:5      | Killed a two-headed ogre
  7285 | D:5      | Reached skill level 5 in Short Blades
  7285 | D:5      | Reached skill level 8 in Stealth
  7349 | D:5      | Found Ohui's Jewellery Emporium.
  7417 | D:5      | Killed Menkaure
  7795 | D:6      | Found a staircase to the Ecumenical Temple.
  7909 | D:6      | Reached skill level 5 in Spellcasting
  9166 | Temple   | Entered the Ecumenical Temple
  9277 | D:7      | Reached skill level 5 in Slings
  9277 | D:7      | Reached skill level 5 in Evocations
  9277 | D:7      | Reached XP level 9. HP: 45/45 MP: 17/17
  9743 | D:7      | Noticed a two-headed ogre
  9775 | D:7      | Killed a two-headed ogre
  9775 | D:7      | Reached skill level 9 in Stealth
 10112 | D:7      | Learned a level 3 spell: Spider Form
 10336 | D:8      | Reached ** piety under Dithmenos
 10494 | D:8      | Noticed bollicks1999's ghost (novice MiFi)
 10668 | D:7      | Reached skill level 1 in Transmutations
 10817 | D:7      | Reached skill level 1 in Poison Magic
 12039 | D:8      | Found a basalt altar of Yredelemnul.
 13333 | D:9      | Reached XP level 10. HP: 51/51 MP: 19/19
 13796 | D:9      | Reached *** piety under Dithmenos
 13848 | D:9      | Noticed a spiny frog
 13854 | D:9      | Found a staircase to the Lair.
 13856 | D:9      | Killed a spiny frog
 13856 | D:9      | Reached skill level 5 in Fighting
 14066 | Lair:1   | Entered Level 1 of the Lair of Beasts
 14846 | Lair:1   | Noticed a four-headed hydra
 14851 | Lair:1   | Killed a four-headed hydra
 14851 | Lair:1   | Reached skill level 5 in Transmutations
 15329 | Lair:1   | Noticed a six-headed hydra
 15355 | Lair:1   | Reached XP level 11. HP: 56/56 MP: 21/21
 15470 | Lair:1   | Killed a six-headed hydra
 15470 | Lair:1   | Reached skill level 10 in Dodging
 15984 | Lair:2   | Learned a level 3 spell: Confuse
 16008 | Lair:2   | Reached skill level 1 in Hexes
 16545 | Lair:2   | Reached **** piety under Dithmenos
 16753 | Lair:2   | Found a frozen archway.
 16782 | IceCv    | Entered an ice cave
 16783 | IceCv    | Gained mutation: You are partially covered in molten scales (AC +1). [potion of mutation]
 16783 | IceCv    | Gained mutation: Your muscles are strong. (Str +2) [potion of mutation]
 16783 | IceCv    | Gained mutation: You tend to lose your temper in combat. [potion of mutation]
 16784 | IceCv    | Gained mutation: You are somewhat resistant to further mutation. [potion of mutation]
 16836 | Lair:2   | Lost mutation: You tend to lose your temper in combat. [potion of cure mutation]
 16836 | Lair:2   | Lost mutation: You are partially covered in molten scales (AC +1). [potion of cure mutation]
 16836 | Lair:2   | Lost mutation: Your muscles are strong. (Str +2) [potion of cure mutation]
 16836 | Lair:2   | Lost mutation: You are somewhat resistant to further mutation. [potion of cure mutation]
 17289 | Lair:2   | Reached skill level 11 in Dodging
 18099 | Lair:3   | Learned a level 2 spell: Confusing Touch
 18597 | Lair:3   | Noticed a seven-headed hydra
 18634 | Lair:3   | Killed a seven-headed hydra
 19216 | Lair:4   | Noticed a lindwurm
 19225 | Lair:4   | Killed a lindwurm
 19225 | Lair:4   | Reached XP level 12. HP: 60/62 MP: 24/24
 19271 | Lair:4   | Found a staircase to the Swamp.
 19660 | Lair:4   | Reached skill level 12 in Dodging
 19842 | Lair:4   | Noticed a lindwurm
 19898 | Lair:4   | Noticed a lindwurm
 19904 | Lair:4   | Noticed a lindwurm
 19904 | Lair:4   | Noticed a lindwurm
 19907 | Lair:4   | Killed a lindwurm
 19907 | Lair:4   | Reached ***** piety under Dithmenos
 19938 | Lair:4   | Killed a lindwurm
 19959 | Lair:4   | Killed a lindwurm
 19959 | Lair:4   | Reached skill level 5 in Hexes
 20091 | Lair:4   | Killed a lindwurm
 20125 | Lair:4   | Identified Lehudib's Volume of the Rocks
 20135 | Lair:4   | Learned a level 1 spell: Sandblast
 20135 | Lair:4   | Identified a +2 rod of the swarm (11/11) (You found it on level 4 of the Lair of Beasts)
 20663 | Lair:4   | Reached skill level 1 in Earth Magic
 20768 | Lair:4   | Reached skill level 10 in Short Blades
 21517 | Lair:4   | Reached skill level 13 in Dodging
 22349 | Lair:5   | Reached XP level 13. HP: 64/68 MP: 27/27
 22637 | Lair:5   | Noticed an eight-headed hydra
 22639 | Lair:5   | Killed an eight-headed hydra
 22674 | Lair:5   | Learned a level 6 spell: Statue Form
 22975 | Lair:5   | Reached skill level 10 in Spellcasting
 23765 | D:5      | Bought an uncursed ring of wizardry for 420 gold pieces
 24342 | Lair:6   | Reached skill level 14 in Dodging
 24692 | Lair:6   | Reached skill level 1 in Shields
 24977 | Lair:6   | Found a staircase to the Snake Pit.
 25137 | Lair:6   | Found a staircase to the Slime Pits.
 25710 | Lair:7   | Reached ****** piety under Dithmenos
 26272 | Lair:8   | Entered Level 8 of the Lair of Beasts
 26331 | Lair:8   | Reached skill level 5 in Shields
 26569 | Lair:8   | Learned a level 2 spell: Blink
 26709 | Lair:8   | Reached XP level 14. HP: 69/74 MP: 14/29
 29195 | D:10     | Entered Level 10 of the Dungeon
 29461 | D:10     | Noticed Erica
 29473 | D:10     | Killed Erica
 29473 | D:10     | Reached skill level 5 in Earth Magic
 29769 | D:10     | Noticed Urug
 29772 | D:10     | Killed Urug
 29878 | D:10     | Found a staircase to the Orcish Mines.
 30165 | Orc:1    | Entered Level 1 of the Orcish Mines
 30185 | Orc:1    | Noticed Nergalle
 30223 | D:10     | Killed Nergalle
 30348 | Orc:1    | Found a roughly hewn altar of Beogh.
 30549 | Orc:2    | Found Juvich's Magic Scroll Emporium.
 30554 | Orc:2    | Bought a scroll of enchant armour for 105 gold pieces
 30554 | Orc:2    | Bought a scroll of enchant weapon for 105 gold pieces
 30554 | Orc:2    | Bought a scroll of enchant armour for 105 gold pieces
 30554 | Orc:2    | Bought a scroll of blinking for 105 gold pieces
 30554 | Orc:2    | Bought a scroll of enchant weapon for 105 gold pieces
 30832 | Orc:3    | Reached skill level 1 in Long Blades
 30867 | Orc:3    | Found a staircase to the Elven Halls.
 31712 | Orc:1    | Noticed Gastronok
 31740 | Orc:1    | Noticed Maurice
 31958 | Orc:2    | Killed Maurice
 32092 | Orc:1    | Killed Gastronok
 32535 | Orc:4    | Entered Level 4 of the Orcish Mines
 32741 | Orc:4    | Found Hutait's Distillery.
 33069 | Orc:4    | Found an ancient bone altar of Kikubaaqudgha.
 33388 | Orc:4    | Found Led Moismedy's Book Shoppe.
 33413 | Orc:4    | Found a radiant altar of Vehumet.
 33413 | Orc:4    | Noticed Erolcha
 33415 | Orc:4    | Killed Erolcha
 33415 | Orc:4    | Reached XP level 15. HP: 69/78 MP: 26/31
 33488 | Orc:4    | Found a roughly hewn altar of Beogh.
 33488 | Orc:4    | Found Jyujappykke's Antique Weapon Emporium.
 33491 | Orc:4    | Reached skill level 5 in Long Blades
 33591 | Orc:4    | Found Duppele's Antique Weapon Emporium.
 33642 | Orc:4    | Bought a sapphire rapier for 279 gold pieces
 33642 | Orc:4    | Identified the +6 rapier "Dosim" {pierce, rN+ MR++} (You bought it in a shop on level 4 of the Orcish Mines)
 33702 | Orc:4    | Bought a potion of mutation for 40 gold pieces
 33703 | Orc:4    | Gained mutation: You have a pair of small antennae on your head. [potion of mutation]
 33703 | Orc:4    | Gained mutation: You are agile. (Dex +2) [potion of mutation]
 33937 | Orc:4    | Bought a manual of Spellcasting for 1104 gold pieces
 35784 | D:12     | Gained mutation: You can spit weak poison. [potion of beneficial mutation]
 36821 | D:13     | Found Kuchima's Assorted Antiques.
 36853 | D:13     | Bought a wand of draining for 156 gold pieces
 36912 | D:13     | Got a blackened flail
 36913 | D:13     | Identified the cursed +1 flail of the Lettuce {speed, rF+ Dex+2 Stlth-} (You found it on level 13 of the Dungeon)
 38090 | D:15     | Entered Level 15 of the Dungeon
 38740 | D:15     | Reached skill level 10 in Transmutations
 38745 | D:15     | Reached skill level 15 in Spellcasting
 38961 | D:15     | Found a staircase to the Depths.
 39407 | Lair:1   | Learned a level 4 spell: Cause Fear
 39519 | Swamp:1  | Entered Level 1 of the Swamp
 40064 | Swamp:1  | Noticed a tentacled monstrosity
 40104 | Swamp:1  | Reached skill level 16 in Spellcasting
 40503 | Swamp:1  | Killed a tentacled monstrosity
 40997 | Swamp:2  | Reached XP level 16. HP: 83/83 MP: 33/37
 41438 | Swamp:2  | Reached skill level 17 in Spellcasting
 44014 | Swamp:4  | Entered Level 4 of the Swamp
 44064 | Swamp:4  | Reached skill level 18 in Spellcasting
 44119 | Swamp:3  | Was placed under penance by Dithmenos
 44387 | Swamp:3  | Was forgiven by Dithmenos
 45207 | Swamp:4  | Reached skill level 15 in Dodging
 46179 | Swamp:4  | Got a decaying rune of Zot
 46783 | Snake:1  | Entered Level 1 of the Snake Pit
 46783 | Snake:1  | Noticed Aizul
 46790 | Lair:6   | Killed from afar by Aizul

Action                   |  1- 3 |  4- 6 |  7- 9 | 10-12 | 13-15 | 16-18 || total
-------------------------+-------+-------+-------+-------+-------+-------++-------
Melee: Dagger            |    96 |    29 |   110 |   749 |  1353 |       ||  2337
       Unarmed           |       |       |    10 |       |       |       ||    10
       Rapier            |       |       |       |       |   754 |   729 ||  1483
 Fire: Blowgun           |     9 |    12 |    74 |    61 |     2 |       ||   158
       Hunting sling     |     3 |   301 |   513 |   131 |    16 |       ||   964
Throw: Stone             |       |       |       |     2 |       |       ||     2
 Cast: Spider Form       |       |       |     1 |       |       |       ||     1
       Confuse           |       |       |       |    42 |   198 |    40 ||   280
       Confusing Touch   |       |       |       |     2 |       |       ||     2
       Statue Form       |       |       |       |       |     7 |    28 ||    35
       Blink             |       |       |       |       |       |     6 ||     6
       Cause Fear        |       |       |       |       |       |     1 ||     1
Invok: Shadow Step       |       |       |       |       |     6 |     5 ||    11
 Abil: Evoke Invisibilit |       |       |       |     1 |    20 |       ||    21
       Evoke Flight      |       |       |       |       |     5 |     8 ||    13
       End Transformatio |       |       |       |       |     1 |     7 ||     8
Evoke: Wand              |       |     5 |    16 |    24 |    25 |     8 ||    78
       Rod               |       |       |       |     2 |     2 |       ||     4
       Phial of floods   |       |       |       |       |     3 |     1 ||     4
       Deck              |       |       |       |       |       |     4 ||     4
  Use: Scroll            |       |     3 |    15 |    11 |    13 |     5 ||    47
       Potion            |       |       |     4 |     5 |     9 |    12 ||    30
 Stab: Sleeping          |     5 |     4 |     3 |    44 |   128 |    16 ||   200
       Distracted        |       |       |     1 |     6 |    11 |     2 ||    20
       Paralysed         |       |       |       |     4 |       |       ||     4
       Confused          |       |       |       |    18 |    96 |    20 ||   134
       Invisible         |       |       |       |     2 |    80 |       ||    82
  Eat: Pizza             |       |     1 |       |     3 |     1 |     1 ||     6
       Bread ration      |       |       |     1 |     1 |     4 |     2 ||     8
       Fruit             |       |       |       |       |    16 |       ||    16
